 Dungeon Crawl Stone Soup version 0.22.1-1-ga44c0e5 (webtiles) character file.

1059 Anon1729 the Covert (level 8, -6/42 HPs)
             Began as a Spriggan Assassin on Nov 5, 2018.
             Mangled by Pikel
             ... wielding a +0 whip of electrocution
              (13 damage)
             ... on level 6 of the Dungeon.
             The game lasted 00:09:08 (5250 turns).

Anon1729 the Covert (Spriggan Assassin)             Turns: 5250, Time: 00:09:09

Health: -6/42      AC:  3    Str:  7    XL:     8   Next: 6%
Magic:  18/18      EV: 23    Int: 12    God:
Gold:   217        SH:  0    Dex: 22    Spells: 7/7 levels left

rFire    . . .     SeeInvis +   y - +2 short sword (speed)
rCold    . . .     Gourm    .   (shield restricted)
rNeg     . . .     Faith    .   c - +0 robe
rPois    .         Spirit   .   (helmet restricted)
rElec    .         Reflect  .   d - +0 cloak
rCorr    .         Harm     .   (gloves unavailable)
MR       +....                  (boots unavailable)
Stlth    ++++......             p - amulet of regeneration
HPRegen  0.54/turn              u - +2 ring of dexterity
MPRegen  0.16/turn              w - ring of magical power

@: about to teleport, very quick
A: very small, unfitting armour, see invisible, herbivore, speed 3, slow
metabolism 2
a: no special abilities


You were on level 6 of the Dungeon.
You were not hungry.

You visited 1 branch of the dungeon, and saw 6 of its levels.

You collected 217 gold pieces.

Inventory:

Hand Weapons
 a - a +2 dagger
 b - a +0 blowgun
 y - a +2 short sword of speed (weapon)
Missiles
 e - 27 poisoned needles
 f - 2 curare-tipped needles
Armour
 c - a +0 robe (worn)
 d - a +0 cloak (worn)
Jewellery
 p - an amulet of regeneration (around neck)
 u - a +2 ring of dexterity (left hand)
 w - a ring of magical power (right hand)
 x - a +3 ring of protection {unknown}
 C - a +1 ring of slaying {unknown}
 G - a +3 ring of protection {unknown}
Wands
 t - a wand of iceblast (7)
Scrolls
 h - a scroll of fear {unknown}
 i - a scroll of amnesia
 k - 5 scrolls of identify
 l - 7 scrolls of remove curse
 m - a scroll of random uselessness {unknown}
 n - 3 scrolls of enchant weapon
 o - a scroll of magic mapping
 r - a scroll of fog {unknown}
 v - a scroll of noise {unknown}
 B - a scroll of teleportation
 F - a scroll of blinking {unknown}
Potions
 j - 3 potions of lignification {unknown}
 q - 4 potions of curing {unknown}
 s - a potion of heal wounds {unknown}
 z - a potion of magic {unknown}
 A - a potion of might {unknown}
 D - a potion of agility {unknown}
 E - 3 potions of resistance {unknown}
Comestibles
 g - 8 rations


   Skills:
 + Level 3.7 Fighting
 + Level 5.1 Short Blades
 + Level 4.5 Throwing
 + Level 6.1 Dodging
 + Level 8.7 Stealth


You had 7 spell levels left.
You didn't know any spells.
Your spell library was empty.

Dungeon Overview and Level Annotations

Branches:
Dungeon (6/15)
 Temple: D:4-7

Altars:
Elyvilon
Vehumet

Annotations:
D:3 1 runed door
D:6 Pikel, Prince Ribbit


Innate Abilities, Weirdness & Mutations

You are very small and have problems with some larger weapons.
You are too small for most types of armour.
You have supernaturally acute eyesight. (SInv)
You are a herbivore.
You cover ground extremely quickly.
You need to consume almost no food.


Message History

You close the door.
Pikel opens the door.
Wield which item (- for none, * to show all)? (? for menu, Esc to quit)
Okay, then.
Okay, then.
As you read the scroll labeled RALLEGHODEERI, it crumbles to dust.
It is a scroll of identify.
n - 3 scrolls of enchant weapon
As you read the scroll labeled TONAEKEVVU, it crumbles to dust.
It is a scroll of amnesia.
You feel forgetful for a moment. Pikel barely misses you.
As you read the scroll labeled CUSMEFAH HURI, it crumbles to dust.
You feel aware of your surroundings.
It was a scroll of magic mapping.
Pikel completely misses you.
Unknown command.
As you read the scroll labeled JOZYPN ORASUY, it crumbles to dust.
You feel strangely unstable.
It was a scroll of teleportation.
Pikel hits you with a whip of electrocution!
* * * LOW HITPOINT WARNING * * *
Pikel hits you with a whip of electrocution!
You die...

,,,...................#######
**,.##...........####'#.....#
*****#.....##....#..........#
,,,,*#.....##....#....[.....#
,,,,.......##....#..........#
**,,##.....#######.....######
**,,*######*#....#.....#
**,,*,,,,,,,#....#.....#
*,,,*,,,,,,,#...@#....$#
*,,,*,,,,,,,#....Kp....#
**,,*,,,,,,,######p....#
**********,,,,,,.p....#
*,,,,,.......# *,,,,........#
*,,,.........# *,,..........#
*,......###+##****


You could see Pikel (berserk) and 3 slaves.

Vanquished Creatures
  Sigmund (D:2)
  An ice beast (D:5)
  A phantom (D:6)
  3 ogres
  A scorpion (D:2)
  A howler monkey (D:6)
  2 crimson imps
  A hound (D:5)
  A centaur skeleton (D:6)
  An iguana (D:4)
  A worker ant (D:4)
  A killer bee zombie (D:4)
  A hound skeleton (D:6)
  7 adders
  2 shadow imps
  2 oozes
  6 worms
  A dart slug (D:2)
  4 leopard geckos
  17 orcs
  3 giant cockroaches
  8 hobgoblins
  2 jackals (D:5)
  4 kobolds
  9 bats
  A frilled lizard (D:1)
  6 goblins
  A jackal skeleton (D:4)
  8 rats
97 creatures vanquished.

Vanquished Creatures (others)
  A hobgoblin (D:1)
1 creature vanquished.

Grand Total: 98 creatures vanquished

Notes
Turn   | Place    | Note
-------+----------+-------------------------------------------
     0 | D:1      | Anon1729 the Spriggan Assassin began the quest for the Orb.
     0 | D:1      | Reached XP level 1. HP: 10/10 MP: 2/2
   472 | D:1      | Reached skill level 6 in Stealth
   524 | D:1      | Reached XP level 2. HP: 15/15 MP: 3/3
  1473 | D:2      | Reached XP level 3. HP: 17/18 MP: 4/4
  2070 | D:2      | Noticed an ogre
  2104 | D:2      | Killed an ogre
  2104 | D:2      | Reached XP level 4. HP: 23/23 MP: 5/5
  2197 | D:2      | Reached XP level 5. HP: 27/27 MP: 6/6
  2268 | D:2      | Noticed Sigmund
  2539 | D:2      | Reached skill level 7 in Stealth
  2851 | D:2      | Killed Sigmund
  2851 | D:2      | Reached XP level 6. HP: 32/32 MP: 7/7
  3085 | D:3      | Found a runed door.
  3154 | D:3      | Found a faded altar of an unknown god.
  3218 | D:3      | Found a radiant altar of Vehumet.
  3296 | D:3      | Found a white marble altar of Elyvilon.
  3296 | D:3      | Noticed an angel
  3932 | D:4      | Reached XP level 7. HP: 36/36 MP: 8/8
  4102 | D:5      | Entered Level 5 of the Dungeon
  4190 | D:5      | Reached skill level 5 in Dodging
  4311 | D:5      | Reached skill level 8 in Stealth
  4945 | D:6      | Noticed Prince Ribbit
  5118 | D:6      | Reached skill level 5 in Short Blades
  5165 | D:6      | Reached XP level 8. HP: 42/42 MP: 9/9
  5234 | D:6      | Noticed Pikel
  5250 | D:6      | Mangled by Pikel

Skill      XL: |  1  2  3  4  5  6  7 |
---------------+----------------------+-----
Stealth        | 6 7 8 |  8.7
Dodging        | 2 3 4 6 |  6.1
Fighting       | 2 3 |  3.7
Short Blades   | 3 4 5 |  5.1
Throwing       | 3 4 |  4.5

Action                   |  1- 3 |  4- 6 |  7- 9 || total
-------------------------+-------+-------+-------++-------
Melee: Dagger            |   100 |   100 |       ||   200
       Short sword       |       |    35 |   197 ||   232
 Fire: Blowgun           |     8 |     3 |       ||    11
  Use: Scroll            |       |       |     5 ||     5
 Stab: Sleeping          |     9 |    11 |     7 ||    27
  Eat: Ration            |       |       |     1 ||     1
Armor: Robe              |    17 |     5 |     9 ||    31
Dodge: Dodged            |    65 |    80 |   122 ||   267
